 Dungeon Crawl Stone Soup version 0.20-a0-926-g560771d (webtiles) character file.

7 Rrauwl the Skirmisher (level 2, 25/25 HPs)
             Began as a Barachi Abyssal Knight on Mar 28, 2017.
             Was a Follower of Lugonu.
             Got out of the dungeon alive.
             The game lasted 00:03:28 (288 turns).

Rrauwl the Skirmisher (Barachi Abyssal Knight)       Turns: 288, Time: 00:03:29

Health: 25/25      AC:  3    Str: 13    XL:     2   Next: 4%
Magic:  3/3        EV: 11    Int: 12    God:    Lugonu [*.....]
Gold:   11         SH:  0    Dex: 11    Spells: 1/1 levels left

rFire    . . .     SeeInvis .   o - -2 spear (curse)
rCold    . . .     Gourm    .   (no shield)
rNeg     . . .     Faith    .   b - +0 leather armour
rPois    .         Spirit   .   (no helmet)
rElec    .         Reflect  .   (no cloak)
rCorr    .         Harm     .   (no gloves)
MR       .....                  (no boots)
Stlth    +.........             f - amulet of regeneration
Regen    0.5/turn               (no ring)
MPRegen  0.1/turn               (no ring)

@: can't hop, slow
A: +LOS, swims, slowness 1, strong legs 1
a: Hop, Depart the Abyss, Renounce Religion


You escaped.
You worshipped Lugonu.
Lugonu was aware of your devotion.
You were not hungry.

You visited 1 branch of the dungeon, and saw 2 of its levels.
You visited the Abyss 1 time.

You collected 11 gold pieces.

Inventory:

Hand Weapons
 a - a +1 falchion
 h - a +0 club
 i - a +0 dagger
 j - a +0 short sword
 l - a +0 short sword
 m - a +0 whip
 o - a cursed -2 spear (weapon)
Missiles
 k - 41 stones (quivered)
Armour
 b - a +0 leather armour (worn)
Jewellery
 f - an amulet of regeneration (around neck)
Scrolls
 d - 2 scrolls of vulnerability
 e - 3 scrolls of remove curse
Miscellaneous
 g - a phantom mirror
Comestibles
 c - a bread ration
 n - a chunk of flesh


   Skills:
 + Level 3.9 Fighting
 + Level 2.6 Long Blades
 + Level 2.6 Armour
 + Level 1.2 Dodging
 + Level 1.6 Invocations


You had one spell level left.
You didn't know any spells.

Dungeon Overview and Level Annotations

Branches:
Dungeon (2/15)

Altars:


Innate Abilities, Weirdness & Mutations

Shadows flee at your approach. (+LOS)
You can swim through water.
You cover ground slowly.
You can hop short distances.


Message History

Found a stone staircase leading down.
e - 3 scrolls of remove curse (gained 1)
A rat comes into view.
There is a stone staircase leading down here.
You climb downwards.
There is a stone staircase leading up here.
A kobold comes into view. It is wielding a dagger.
The kobold shouts!
There is a stone staircase leading up here.
You climb upwards.
There is a stone staircase leading down here.
A hobgoblin comes into view. It is wielding a club.
Hop to where?
Press: ? - help, Dir - move target cursor Floosh!
Boing!
The kobold shouts!
There is a staircase leading out of the dungeon here.
Are you sure you want to leave the Dungeon?
This will make you lose the game!
You have escaped!

#.......# ####.
#.......# #....
#.......# #...#
#.......#########..
#########...........
#≈≈≈≈≈≈≈≈g..........
####≈≈≈≈≈≈≈........#
####.......≈≈≈≈..≈≈≈≈≈#
##≈≈...@.......≈≈≈≈≈≈≈≈#
#≈≈≈≈...........≈≈≈≈...#
#≈≈≈≈≈≈.................
#≈≈≈≈≈≈≈≈≈≈≈≈≈≈≈........
#.≈≈≈≈≈≈≈≈≈≈≈≈≈≈≈≈......
#....†K≈≈≈≈≈≈≈≈≈≈≈≈≈≈≈.#
#..............≈≈≈≈≈≈≈≈#
#>...................≈≈#
########################


You could see a hobgoblin and a kobold.

Vanquished Creatures
  A hobgoblin (D:1)
  5 kobolds (D:1)
6 creatures vanquished.

Vanquished Creatures (others)
  4 starspawn tentacles (Abyss:3)
4 creatures vanquished.

Grand Total: 10 creatures vanquished

Notes
Turn   | Place    | Note
-------+----------+-------------------------------------------
     0 | Abyss:1  | Rrauwl the Barachi Abyssal Knight began the quest for the Orb.
     0 | Abyss:1  | Reached XP level 1. HP: 18/18 MP: 2/2
    26 | Abyss:2  | Noticed a worldbinder
    69 | Abyss:2  | Noticed a small abomination
    70 | Abyss:2  | Noticed an eye of draining
    91 | Abyss:3  | Noticed a tentacled starspawn
   113 | D:1      | Escaped the Abyss
   129 | D:1      | Reached * piety under Lugonu
   147 | D:1      | Reached XP level 2. HP: 25/25 MP: 3/3
   288 | D:$      | Got out of the dungeon alive.

Vault maps used:
D:1:      dpeg_arrival_chase, hangedman_decor_opposing
D:2:      lemuel_coloured_pillars_altar, st_stairs_2
Abyss:1:  hangedman_abyss_feature_spike
Abyss:2:  hangedman_abyss_mock_shop
Abyss:3:  evilmike_abyss_exit_16, dshaligram_kb_abyss_rune_zappy_water_cross,
          hangedman_summoners_spam

Action                   || total
-------------------------++-------
Melee: Falchion          ||    10
Invok: Depart the Abyss  ||     1
 Abil: Hop               ||     2
  Use: Scroll            ||     2
       Potion            ||     1
Armor: Leather armour    ||     2
Dodge: Dodged            ||     7
